 Dungeon Crawl Stone Soup version 0.31-a0-236-g9a0961fb85 (webtiles) character file.

Game seed: 11533491998140589309

1616 Shard1697 the Cleaver (level 9, -2/123 HPs)
             Began as a Meteoran Berserker on July 11, 2023.
             Was a Priest of Trog.
             Slain by a two-headed ogre
             ... wielding a +0 giant club
              (20 damage)
             ... on level 6 of the Dungeon.
             The game lasted 00:09:24 (1859 turns).

Shard1697 the Cleaver (Meteoran Berserker)          Turns: 1859, Time: 00:09:25

Health: -2/123     AC: 10    Str: 26    XL:     9   Next: 39%
Magic:  10/10      EV: 11    Int:  8    God:    Trog [***...]
Gold:   249        SH:  0    Dex: 18    Spells: 8/8 levels left

rFire   . . .        a - +0 war axe (vamp)
rCold   . . .        (no shield)
rNeg    . . .        i - +0 scale mail
rPois   +            s - +0 helmet
rElec   .            (no cloak)
rCorr   .            (no gloves)
SInv    .            p - +2 pair of boots
Will    +....        (no amulet) Stlth
                     g - +6 ring of strength
HPRegen 0.40/turn    n - ring of poison resistance
MPRegen 0.12/turn

%: no passive effects
@: berserking, glowing, very quick
A: sense surroundings 2, otherworldly, glowing, explore regen
a: Renounce Religion, Berserk, Trog's Hand


You were on level 6 of the Dungeon.
You worshipped Trog.
Trog was most pleased with you.
You visited 1 branch of the dungeon, and saw 6 of its levels.

You collected 249 gold pieces.

Inventory:

Hand Weapons
 a - a +0 vampiric war axe (weapon)
 b - a +2 heavy flail
Armour
 i - a +0 scale mail (worn)
 p - a +2 pair of boots (worn)
 s - a +0 helmet (worn)
Jewellery
 g - a +6 ring of strength (left hand)
 m - a ring of positive energy
 n - a ring of poison resistance (right hand)
Wands
 l - a wand of polymorph (9)
 q - a wand of iceblast (10)
Scrolls
 c - a scroll of brand weapon
 f - 2 scrolls of blinking
 h - 3 scrolls of noise {unknown}
 j - 4 scrolls of teleportation {unknown}
 k - a scroll of enchant weapon {unknown}
 o - a scroll of vulnerability {unknown}
 t - a scroll of amnesia {unknown}
Potions
 d - a potion of haste {unknown}
 e - 4 potions of curing
 r - 4 potions of mutation


   Skills:
 + Level 8.6 Fighting
 + Level 10.5 Axes
 - Level 2.4 Armour
 - Level 2.4 Dodging


You had 8 spell levels left.
You didn't know any spells.
Your spell library was empty.

Dungeon Overview and Level Annotations

Branches:
Dungeon (6/15) Zot: 1606   Temple (0/1) D:4

Altars:
Kikubaaqudgha
Makhleb
Okawaru
Qazlal
Ru
Vehumet


Innate Abilities, Weirdness & Mutations

You passively map the area around you.
You are easily found by Zot.
You glow in the dark.
You regain HP and MP as you explore.


Message History

The wyvern barely misses you.
You hit the wyvern but do no damage.
The wyvern is heavily wounded.
The wyvern bites you but does no damage.
You hit the wyvern but do no damage.
The wyvern is heavily wounded.
The wyvern bites you! x2
You slash the wyvern!
The wyvern is severely wounded.
The wyvern bites you!
You slash the wyvern!
You feel better.
You kill the wyvern!
Trog accepts your kill.
A two-headed ogre comes into view. It is wielding two +0 giant clubs.
A red film seems to cover your vision as you go berserk!
You feel yourself moving faster!
You feel mighty! The two-headed ogre misses you.
The two-headed ogre hits you with a +0 giant club.
You barely miss the two-headed ogre.
The two-headed ogre hits you with a +0 giant club!!
The two-headed ogre hits you with a +0 giant club!
You hear a howl!
You barely miss the two-headed ogre.
A howler monkey comes into view.
You hit the two-headed ogre.
You feel better.
The two-headed ogre is lightly wounded.
You slice the two-headed ogre!!
You feel better.
The two-headed ogre is heavily wounded.
The two-headed ogre hits you with a +0 giant club!
The two-headed ogre hits you with a +0 giant club!!
You barely miss the two-headed ogre.
The two-headed ogre is heavily wounded.
You closely miss the howler monkey. You hit the two-headed ogre.
You feel better.
The two-headed ogre is heavily wounded.
You slash the howler monkey!
You feel better. The howler monkey hits you.
The two-headed ogre hits you with a +0 giant club!!
* * * LOW HITPOINT WARNING * * *
The two-headed ogre hits you with a +0 giant club!!
You die...

, , *
#.......#
*
#.#.###.#
#.#.###.#
* #
#.....##
,*
##.....#
* ####.##
, # ##.#
*
#.##.#.#
#O@####
#.#h# * *
#,#..
.##. # ##


You could see a two-headed ogre and a howler monkey.

Vanquished Creatures
  Sigmund (D:5)
  A wyvern (D:6)
  A steam dragon (D:5)
  Menkaure (D:5)
  An ice beast (D:6)
  A black bear (D:4)
  3 ogres
  A centaur (D:6)
  A phantom (D:5)
  2 scorpions
  A hound (D:5)
  Terence (D:2)
  A sleepcap (D:4)
  Ijyb (D:4)
  3 iguanas
  An orc wizard (D:5)
  9 adders
  A shadow imp (D:5)
  A white imp (D:3)
  3 worms
  2 dart slugs (D:1)
  10 orcs
  6 bats
  3 endoplasms
  2 giant cockroaches (D:1)
  3 goblins
  4 hobgoblins
  4 jackals (D:2)
  3 quokkas
  5 ball pythons
  5 frilled lizards
  9 kobolds
  3 rats (D:1)
94 creatures vanquished.

Notes
Turn   | Place    | Note
-------+----------+-------------------------------------------
     0 | D:1      | Shard1697 the Meteoran Berserker began the quest for the
                  | Orb.
     0 | D:1      | Reached XP level 1. HP: 19/19 MP: 2/2
    84 | D:1      | Reached skill level 4 in Axes
    84 | D:1      | Reached XP level 2. HP: 24/26 MP: 3/3
   212 | D:1      | Reached XP level 3. HP: 26/31 MP: 4/4
   346 | D:2      | Noticed Terence
   359 | D:2      | Killed Terence
   360 | D:2      | Reached skill level 5 in Axes
   360 | D:2      | Reached XP level 4. HP: 38/38 MP: 5/5
   362 | D:2      | Reached ** piety under Trog
   494 | D:2      | Reached skill level 6 in Axes
   695 | D:3      | Reached XP level 5. HP: 45/45 MP: 6/6
   716 | D:3      | Found an iron altar of Okawaru.
   754 | D:3      | Noticed an ogre
   761 | D:3      | Killed an ogre
   762 | D:3      | Reached XP level 6. HP: 52/52 MP: 7/7
   837 | D:3      | Found a stormy altar of Qazlal.
   915 | D:4      | Found a staircase to the Ecumenical Temple.
   978 | D:4      | Reached skill level 7 in Axes
   999 | D:4      | Found a sacrificial altar of Ru.
  1069 | D:4      | Reached XP level 7. HP: 60/60 MP: 8/8
  1132 | D:4      | Found a radiant altar of Vehumet.
  1141 | D:4      | Found an ancient bone altar of Kikubaaqudgha.
  1146 | D:4      | Noticed Ijyb
  1152 | D:4      | Reached skill level 5 in Fighting
  1158 | D:4      | Killed Ijyb
  1191 | D:4      | Found a burning altar of Makhleb.
  1299 | D:4      | Reached skill level 8 in Axes
  1356 | D:5      | Entered Level 5 of the Dungeon
  1388 | D:5      | Noticed Sigmund
  1394 | D:5      | Killed Sigmund
  1394 | D:5      | Reached *** piety under Trog
  1395 | D:5      | Reached XP level 8. HP: 71/71 MP: 9/9
  1433 | D:5      | Noticed Menkaure
  1454 | D:5      | Killed Menkaure
  1455 | D:5      | Reached skill level 9 in Axes
  1612 | D:5      | Noticed a steam dragon
  1627 | D:5      | Killed a steam dragon
  1632 | D:5      | Gained mutation: You passively map the area around you.
                  | [Meteoran growth]
  1632 | D:5      | Reached XP level 9. HP: 56/80 MP: 10/10
  1785 | D:6      | Reached skill level 10 in Axes
  1852 | D:6      | Noticed a two-headed ogre
  1859 | D:6      | Slain by a two-headed ogre

Illustrated notes

Levels and vault maps discovered:
D:1:      wheals_arrival_linesprint, layout_rooms, st_stairs_3
D:2:      layout_rooms, uniq_terence
D:3:      layout_loops_cross, lemuel_doored_altar, okawaru_trees_1,
          serial_shops, shop, uniq_jessica
D:4:      layout_basic, mainiacjoe_overflow_24_doors,
          mainiacjoe_overflow_alcove_4, mainiacjoe_overflow_big_doors,
          minmay_temple_entry_offerings, uniq_ijyb
D:5:      layout_cave_pools, uniq_menkaure, uniq_sigmund
D:6:      minmay_cornered_nines, layout_basic, kennysheep_decorative_pillar,
          st_stairs_6

Skill      XL: |  1  2  3  4  5  6  7  8  9 |
---------------+----------------------------+-----
Axes           | 4 5 6 7 8 9 10 | 10.5
Fighting       | 4 6 7 8 |  8.6
Armour         | |  2.4
Dodging        | |  2.4

Action                     |  1- 3 |  4- 6 |  7- 9 || total
---------------------------+-------+-------+-------++-------
  Melee: Hand axe          |    68 |     3 |       ||    71
         Flail             |       |    74 |    55 ||   129
         Punch             |       |       |     2 ||     2
         War axe           |       |       |    47 ||    47
 Invoke: Berserk           |     1 |     1 |     3 ||     5
  Evoke: Wand              |       |       |     1 ||     1
    Use: Scroll            |       |       |     7 ||     7
 Armour: Animal skin       |     8 |       |       ||     8
         Leather armour    |    17 |       |       ||    17
         Scale mail        |       |    49 |    59 ||   108
  Dodge: Dodged            |    39 |    42 |    65 ||   146

Table legend: (Time is in decaauts)
 A = Elapsed time spent in this place.
 B = Non-inter-level travel time spent in this place.
 C = Inter-level travel time spent in this place.
 D = Time resting spent in this place.
 E = Time spent auto-exploring this place.
 F = Levels seen in this place.
 G = Mean time per level.
                   A        B        C        D        E       F      G
               +--------+--------+--------+--------+--------+-----+--------+
         Total |   1993 |   1811 |    182 |      0 |      0 |   6 |  332.2 |
       Dungeon |   1993 |   1811 |    182 |      0 |      0 |   6 |  332.2 |
               +--------+--------+--------+--------+--------+-----+--------+

Top non-repeatable levels by time:
     D:4: 531 daAuts
     D:5: 364 daAuts
     D:2: 350 daAuts
     D:1: 341 daAuts
     D:3: 302 daAuts
     D:6: 103 daAuts
